Zazza, neutral female human Tourist ----- ------ |...| |..... |...|# ------ |....| # #|...|# ##.....| |.....########-...-### |....| ----.- # # |...|### |....| ----- # #### |...|## |....|` #...#| # ## --.-- ##|.....######|....############# # ########## ##------# |...| # ------ ### # # #####f@h |...| ##-....| # # # # ----- |....| ----.-# # # |....| |....-# # # |....| |....| # # |....| |..>.+ ## # |.<..| |....| --|---# ------ |..[..#######|....|# ------ #-.....# ------ Zazza the Rambler Experience level: 1 Strength: 11 Dexterity: 10 Constitution: 14 Intelligence: 12 Wisdom: 12 Charisma: 18 Health: 0(10) Energy: 2(2) Def: 5 Gold: 1473 Moves: 1415 Dungeon seed: p6MdrNzqQNHnsA1- Game ID: Zazza_1599487232 Your Inventory: Coins $ - 1473 gold pieces Weapons a - 37 +2 darts (in quiver) r - 2 +0 daggers (wielded) s - a +0 katana I - a +1 mace Armor e - an uncursed +0 Hawaiian shirt (being worn) q - an uncursed +0 elven mithril-coat (being worn) Comestibles b - 2 uncursed slime molds c - 3 uncursed apples d - 4 uncursed food rations f - an uncursed lembas wafer g - an uncursed fortune cookie h - 2 uncursed tripe rations j - an uncursed cram ration k - an uncursed egg Scrolls m - 2 blessed scrolls of magic mapping L - an uncursed scroll of fire Spellbooks H - an uncursed spellbook of magic mapping Potions l - 2 uncursed potions of extra healing M - an uncursed potion of confusion Rings u - an uncursed ring of poison resistance v - an uncursed ring of fire resistance w - a blessed +1 ring of increase accuracy x - a blessed +1 ring of increase accuracy y - an uncursed ring of conflict z - an uncursed ring of levitation A - an uncursed ring of stealth B - an uncursed ring of warning C - a cursed -1 ring of adornment D - a cursed -1 ring of protection E - a blessed +1 ring of adornment F - a cursed -1 ring of gain constitution Wands J - a wand of sleep (0:6) K - a wand of cancellation (0:5) Tools o - an expensive camera (0:90) p - an uncursed credit card Gems N - an uncursed worthless piece of green glass Spells and supernatural/magical abilities: Name Level Category Fail Memory M - magic mapping 5 divination 100% 97% W - pray for help -- divine ? -- Your skills at the end: Fighting Skills Weapon Skills dart [Basic] Spellcasting Skills Final Attributes: You were nominally aligned. You are dead. Vanquished creatures: an orc zombie a coyote a hobbit 3 giant rats 2 jackals 3 grid bugs 9 newts 20 creatures vanquished. Voluntary challenges: You were vegetarian. You were an atheist. You used a wielded weapon 3 times, starting on turn 433. You read items or engraved 40 times, starting on turn 703. You never genocided any monsters. You never polymorphed an object. You never changed form. You used no wishes. You never split a pudding. You wrote Elbereth's name 1 time, starting on turn 890. You never violated your personal moral code. Dungeon overview: The Dungeons of Doom: levels 1 to 5 Level 1 a long staircase Level 2 a weapon shop, some fountains Level 3 a jewelry store, a fountain Level 4 some fountains a long staircase Level 5 <- You were here a sink History has recorded: On T:1 you entered the Dungeons of Doom to retrieve the Amulet of Yendor! On T:45 you reached level 2 of The Dungeons of Doom. On T:488 you reached level 3 of The Dungeons of Doom. On T:850 you reached level 4 of The Dungeons of Doom. On T:1187 you reached level 5 of The Dungeons of Doom. Score breakdown: Gold: 517 ( 9233 points) Experience: 1 level ( 0 points) Exploration: 5 levels ( 10.20%) ( 8660 points) Discoveries: 3 items ( 1.01%) ( 3010 points) Valuables value: (no points given unless you survive) Artifact value: 0 ( 0 points) Variety of kills: 7 monsters ( 1.84%) ( 4066 points) Turncount: 1415 turns ( 0 points) Survival: died (score multiplied by 80%) Total score: 19975 Latest messages: You stop. Armand is in the way! You displace Armand. You are beginning to feel weak. Using your 2 daggers you try to open the tin. You succeed in opening the tin. It smells like lichens. You consume szechuan lichen. You don't feel so weak now. This fortune cookie is delicious! You finish eating the fortune cookie. This cookie has a scrap of paper inside. It reads: I wouldn't advise playing catch with a giant. You are beginning to feel hungry. You displace Armand. The hobbit wields a runed dagger! The hobbit thrusts her runed dagger. The hobbit hits! The hobbit thrusts her runed dagger. The hobbit hits! You die... Final status: Aloha Zazza the Tourist, killed by a hobbit... You died in The Dungeons of Doom on dungeon level 5 with 19975 points, and 1473 pieces of gold, after 1415 moves. You were level 1 with a maximum of 10 hit points when you died.